 Dungeon Crawl Stone Soup version 0.32-a0-818-gb728d0252e (webtiles) character file.

Game seed: 10326500726995414801

125 smashvw the Shooter (level 4, -1/40 HPs)
             Began as a Minotaur Hunter on Mar 24, 2024.
             Slain by Sigmund
             ... wielding a +0 scythe
              (9 damage)
             ... on level 3 of the Dungeon.
             The game lasted 00:02:59 (1929 turns).

smashvw the Shooter (Minotaur Hunter)               Turns: 1929, Time: 00:02:59

Health: -1/40      AC:  4    Str: 15    XL:     4   Next: 82%
Magic:  3/3        EV: 11    Int:  6    God:
Gold:   46         SH:  0    Dex: 16    Spells: 3/3 levels left

rFire   . . .        e - +0 arbalest
rCold   . . .        (shield currently unavailable)
rNeg    . . .        c - +0 leather armour
rPois   .            (helmet restricted)
rElec   .            j - +0 cloak
rCorr   .            (no gloves)
SInv    .            (no boots)
Will    .....        (no amulet)
Stlth   +            (no ring)
HPRegen 0.26/turn    (no ring)
MPRegen 0.08/turn

%: no passive effects
@: no status effects
A: horns 2, retaliatory headbutt
a: no special abilities


You were on level 3 of the Dungeon.
You visited 1 branch of the dungeon, and saw 3 of its levels.

You collected 46 gold pieces.

Inventory:

Hand Weapons
 a - a +0 shortbow
 e - a +0 arbalest (weapon)
Armour
 c - a +0 leather armour (worn)
 j - a +0 cloak (worn)
Scrolls
 b - a scroll of butterflies
 g - a scroll of identify {unknown}
 h - a scroll of vulnerability {unknown}
 i - a scroll of enchant armour {unknown}
 k - a scroll of teleportation {unknown}
 l - a scroll of blinking {unknown}
 m - a scroll of revelation {unknown}
Potions
 d - a potion of curing {unknown}
 f - a potion of haste {unknown}


   Skills:
 + Level 4.0 Fighting
 * Level 6.1 Ranged Weapons
 - Level 2.1 Dodging
 - Level 0.7 Stealth


You had 3 spell levels left.
You didn't know any spells.
Your spell library contained the following spells:

 Spells                   Type           Power      Damage    Failure   Level
 Leda's Liquefaction      Alch/Erth      0%         N/A       99%         4
 Petrify                  Alch/Erth      0%         N/A       99%         4
 Metabolic Englaciation   Hex/Ice        0%         N/A       100%        5


Dungeon Overview and Level Annotations

Branches:
Dungeon (3/15)

Altars:

Annotations:
D:3 Sigmund


Innate Abilities, Weirdness & Mutations

You have a pair of horns on your head.
You reflexively headbutt those who attack you in melee.


Message History

(press Y on the ability menu to convert to Beogh)
You shoot a bolt.
The orc priest threatens, "Beogh's wrath is as vast as their mercy.
Make your choice!"
The bolt hits the orc priest.
The orc priest is severely wounded.
The orc priest threatens, "Beogh's wrath is as vast as their mercy.
Make your choice!"
You hear some strange, mumbled words.
Something tries to affect you, but you resist.
You hear some strange, mumbled words.
A puff of flame appears from out of thin air!
The puff of flame misses you.
You shoot a bolt. The bolt hits the orc priest!
You kill the orc priest!
Something hits you!
Your Fighting skill increases to level 4!
Your Ranged Weapons skill increases to level 6!
You are too injured to fight recklessly!
You are too injured to fight recklessly!
You are too injured to fight recklessly!
Fire: e) +0 arbalest
Press: ? - help, Q - select action Shift-Dir - straight line, f - orc
Aim: an orc, wielding a +0 mace and wearing a +0 ring mail (64% to hit)
You shoot a bolt. The bolt hits the orc.
The orc is almost dead.
Something hits you.
Fire: e) +0 arbalest
Press: ? - help, Q - select action Shift-Dir - straight line, f/p - orc
Aim: an orc, wielding a +0 mace and wearing a +0 ring mail (almost dead, 64% to hit)
You shoot a bolt. The bolt hits the orc.
You kill the orc!
A magic dart appears from out of thin air!
The magic dart hits you. Something hits you!
* * * LOW HITPOINT WARNING * * *
Fire: e) +0 arbalest
Press: ? - help, Q - select action Shift-Dir - straight line, f - orc
Aim: an orc, wielding a +0 short sword (60% to hit)
You shoot a bolt. The bolt hits the orc!
You kill the orc!
Something hits you!
You die...

. .## ).# #.###
#... #..# #..#
#@.#
######.#{)...#
###.....## )....
#...##.## .##.
#########.#...##
.#
.....[....#.##.#
# ######....#..
.# #<####### .#
#....# .#


There were no monsters in sight!

Vanquished Creatures
  An orc priest (D:3)
  Natasha (twice) (D:2)
  2 dart slugs (D:2)
  A ribbon worm (D:2)
  2 orcs (D:3)
  4 endoplasms
  3 giant cockroaches
  2 hobgoblins
  6 jackals (D:1)
  4 ball pythons
  6 bats
  3 frilled lizards (D:1)
  A goblin (D:3)
  A kobold (D:1)
  4 rats
42 creatures vanquished.

Notes
Turn   | Place    | Note
-------+----------+-------------------------------------------
     0 | D:1      | smashvw the Minotaur Hunter began the quest for the Orb.
     0 | D:1      | Reached XP level 1. HP: 18/18 MP: 0/0
    42 | D:1      | Reached XP level 2. HP: 25/25 MP: 1/1
   355 | D:1      | Reached skill level 5 in Ranged Weapons
  1049 | D:2      | Reached XP level 3. HP: 31/31 MP: 2/2
  1071 | D:2      | Noticed Natasha
  1073 | D:2      | Killed Natasha
  1312 | D:2      | Reached XP level 4. HP: 39/39 MP: 3/3
  1728 | D:2      | Found a faded altar of an unknown god.
  1812 | D:2      | Noticed Natasha
  1815 | D:2      | Killed Natasha
  1917 | D:3      | Noticed Sigmund
  1927 | D:3      | Reached skill level 6 in Ranged Weapons
  1929 | D:3      | Slain by Sigmund

Illustrated notes

Levels and vault maps discovered:
D:1:      ncdulo_smallfort, layout_basic
D:2:      layout_basic, ebering_ecumenical_altar_hall, uniq_natasha
D:3:      layout_loops_ring, uniq_sigmund, uniq_robin, uniq_jessica

Skill      XL: |  1  2  3  4 |
---------------+-------------+-----
Fighting       | 3 4 |  4.0
Ranged Weapons | 5 6 |  6.1
Dodging        | |  2.1
Stealth        | |  0.7

Action                     |  1- 3 |  4- 6 || total
---------------------------+-------+-------++-------
   Fire: Shortbow          |    25 |       ||    25
         Arbalest          |    36 |    17 ||    53
 Armour: Leather armour    |     8 |    11 ||    19
  Dodge: Dodged            |    14 |     2 ||    16

Table legend: (Time is in decaauts)
 A = Elapsed time spent in this place.
 B = Non-inter-level travel time spent in this place.
 C = Inter-level travel time spent in this place.
 D = Time resting spent in this place.
 E = Time spent auto-exploring this place.
 F = Levels seen in this place.
 G = Mean time per level.
                   A        B        C        D        E       F      G
               +--------+--------+--------+--------+--------+-----+--------+
         Total |   1967 |   1820 |    147 |      0 |   1621 |   3 |  655.7 |
       Dungeon |   1967 |   1820 |    147 |      0 |   1621 |   3 |  655.7 |
               +--------+--------+--------+--------+--------+-----+--------+

Top non-repeatable levels by time:
     D:1: 1011 daAuts
     D:2: 917 daAuts
     D:3: 38 daAuts
